 Dungeon Crawl Stone Soup version 0.27-a0-1273-gec92ba881d (webtiles) character file.

Game seed: 13896963701167110072

236 pokeman the Magician (level 5, -6/29 HPs)
             Began as a Deep Elf Hedge Wizard on June 11, 2021.
             Mangled by Edmund
             ... wielding a +1 dire flail of protection
              (15 damage)
             ... on level 4 of the Dungeon.
             The game lasted 00:08:51 (3937 turns).

pokeman the Magician (Deep Elf Hedge Wizard)        Turns: 3937, Time: 00:08:51

Health: -6/29      AC:  4    Str:  7    XL:     5   Next: 77%
Magic:  14/16      EV: 12    Int: 20    God:
Gold:   133        SH:  0    Dex: 14    Spells: 6/17 levels left

rFire    . . .     SeeInvis .   b - +1 dagger (drain)
rCold    . . .     Faith    .   (no shield)
rNeg     . . .     Spirit   .   i - +0 leather armour
rPois    .         Reflect  .   e - +1 hat
rElec    .         Harm     .   (no cloak)
rCorr    .         Rampage  .   (no gloves)
Will     .....                  (no boots)
Stlth    ++........             (no amulet)
HPRegen  0.09/turn              (no ring)
MPRegen  0.15/turn              (no ring)

@: no status effects
A: no striking features
a: no special abilities


You were on level 4 of the Dungeon.
You visited 1 branch of the dungeon, and saw 4 of its levels.

You collected 133 gold pieces.

Inventory:

Hand Weapons
 b - a +1 dagger of draining (weapon)
Missiles
 j - 38 arrows
 k - 19 bolts
Armour
 e - a +1 hat (worn)
 i - a +0 leather armour (worn)
 l - a scarf of shadows
Magical Staves
 c - a staff of earth
Scrolls
 d - 3 scrolls of teleportation {unknown}
 f - a scroll of magic mapping {unknown}
 g - 2 scrolls of identify {unknown}
 h - a scroll of fog {unknown}
Potions
 a - a potion of berserk rage {unknown}
 m - a potion of heal wounds {unknown}


   Skills:
 - Level 1.0 Fighting
 - Level 1.0 Armour
 - Level 3.0 Dodging
 - Level 3.0 Stealth
 * Level 6.5 Spellcasting
 + Level 2.9 Conjurations
 - Level 1.1 Summonings
 - Level 1.1 Translocations
 - Level 1.2 Fire Magic
 - Level 1.2 Air Magic
 + Level 0.0 Poison Magic
 + Level 0.0 Evocations


You had 6 spell levels left.
You knew the following spells:

 Your Spells              Type           Power      Damage    Failure   Level
a - Magic Dart            Conj           72%        1d6       4%          1
b - Mephitic Cloud        Conj/Pois/Air  12%        N/A       24%         3
c - Call Imp              Summ           10%        N/A       14%         2
d - Blink                 Tloc           N/A        N/A       14%         2
e - Conjure Flame         Conj/Fire      14%        6-21      19%         3

Your spell library contained the following spells:

 Spells                   Type           Power      Damage    Failure   Level
 Slow                     Hex            6%         N/A       22%         2


Dungeon Overview and Level Annotations

Branches:
Dungeon (4/15)
 Temple: D:4-7

Altars:

Shops:
D:3 (

Annotations:
D:4 Edmund


Message History

Your crimson imp disappears in a puff of smoke!
Magic restored.
Done exploring.
Done exploring.
There is a stone staircase leading down here.
You climb downwards.
You hear the sound of rushing water.
There is an entrance to a sewer on this level.
Hurry and find it before the portal rusts away!
Found a scroll labelled TYEFEA XE KOO and a robe.
There is a stone staircase leading up here.
You open the door.
Found a stone staircase leading down.
There is an open door here.
You open the door.
Found a smoky grey potion.
There is an open door here.
m - a smoky grey potion You open the door.
There is an open door here.
Edmund the Younger comes into view.
He is wielding a +1 dire flail of protection.
Cast which spell? (? or * to list)
The spell is quite dangerous to cast (19% risk of failure)!
Continue anyway?
The fire begins to smoulder!
Edmund drinks a potion.
Edmund suddenly seems more resistant.
The fire ignites!
There is an open door here.
You closely miss Edmund.
Edmund is engulfed in blazing flames.
Edmund hits you with a +1 dire flail of protection!
Unknown command.
You hit Edmund but do no damage.
Edmund is lightly wounded.
Edmund is engulfed in blazing flames.
Edmund hits you with a +1 dire flail of protection!
Unknown command.
You hit Edmund but do no damage.
Edmund is moderately wounded.
Edmund is engulfed in blazing flames.
Edmund hits you with a +1 dire flail of protection!
Ouch! That really hurt!
You die...

#......#......#
#.....[#......#
#......###'####
#......#......#
###......#......#
#..#######......#
........##......#
........##......#
........@@......#
###....##......#
#....##......#
#...@##......#
#....##......#
+.....#......#
#######......#
#......# #......#


You could see Edmund (resistant).

Vanquished Creatures
  A water moccasin skeleton (D:3)
  A bullfrog skeleton (D:3)
  Jessica (D:3)
  Robin (D:3)
  An adder (D:3)
  2 worms (D:2)
  A dart slug (D:2)
  2 orcs (D:3)
  5 bats
  7 endoplasms
  A giant cockroach (D:2)
  14 goblins
  9 hobgoblins
  3 jackals (D:2)
  5 quokkas
  10 ball pythons
  3 frilled lizards (D:1)
  6 kobolds
  4 rats
77 creatures vanquished.

Vanquished Creatures (collateral kills)
  The ghost of iNFECTIOUSiTCH the Sneak, a weakling OpBr (D:3)
  A killer bee zombie (D:3)
2 creatures vanquished.

Vanquished Creatures (others)
  A plant (D:2)
1 creature vanquished.

Grand Total: 80 creatures vanquished

Notes
Turn   | Place    | Note
-------+----------+-------------------------------------------
     0 | D:1      | pokeman the Deep Elf Hedge Wizard began the quest for the
                  | Orb.
     0 | D:1      | Reached XP level 1. HP: 10/10 MP: 7/7
   171 | D:1      | Reached XP level 2. HP: 15/15 MP: 6/9
  1124 | D:2      | Reached skill level 5 in Spellcasting
  1279 | D:2      | Reached XP level 3. HP: 20/20 MP: 8/11
  1283 | D:2      | Learned a level 3 spell: Mephitic Cloud
  1286 | D:2      | Learned a level 2 spell: Call Imp
  1289 | D:2      | Learned a level 2 spell: Blink
  1293 | D:2      | Learned a level 3 spell: Conjure Flame
  1649 | D:2      | Reached skill level 1 in Armour
  1652 | D:2      | Reached skill level 1 in Fighting
  1848 | D:2      | Found a faded altar of an unknown god.
  2272 | D:3      | Reached XP level 4. HP: 25/25 MP: 2/13
  2389 | D:3      | Noticed Jessica
  2395 | D:3      | Killed Jessica
  2466 | D:3      | Reached skill level 1 in Fire Magic
  2720 | D:3      | Found a runed translucent gate.
  2720 | D:3      | Found a runed translucent gate.
  2721 | D:3      | Found a runed translucent gate.
  2726 | D:3      | Noticed iNFECTIOUSiTCH's ghost (weakling OpBr)
  2857 | D:3      | Found Owul Vunk's Antique Weapon Emporium.
  3159 | D:3      | Noticed Robin
  3164 | D:3      | Killed Robin
  3165 | D:3      | Reached XP level 5. HP: 29/29 MP: 9/15
  3449 | D:3      | Reached skill level 6 in Spellcasting
  3787 | D:3      | Reached skill level 1 in Air Magic
  3821 | D:3      | Killed iNFECTIOUSiTCH's ghost
  3822 | D:3      | Upgraded the game from 0.27-a0-1256-gced786f65e to
                  | 0.27-a0-1273-gec92ba881d
  3928 | D:4      | Noticed Edmund
  3937 | D:4      | Mangled by Edmund

Illustrated notes

Levels and vault maps discovered:
D:1:      mrwooster_arrival_statue_2, layout_loops_ring, grunt_decor_one_mirror
D:2:      layout_rooms, chequers_ecumenical_altar_simple, serial_bayou_pond_d
D:3:      layout_rooms, gammafunk_ghost_necromancy, serial_shops, shop,
          uniq_robin, uniq_jessica
D:4:      layout_gridville, lightli_sewer_entry_pipes, minmay_manual_moon,
          uniq_ijyb, uniq_edmund, uniq_menkaure

Skill      XL: |  1  2  3  4  5 |
---------------+----------------+-----
Spellcasting   | 5 6 |  6.5
Armour         | 1 |  1.0
Fighting       | 1 |  1.0
Conjurations   | 2 |  2.9
Fire Magic     | 1 |  1.2
Dodging        | 3 |  3.0
Air Magic      | 1 |  1.2
Stealth        | 3 |  3.0
Summonings     | |  1.1
Translocations | |  1.1

Action                   |  1- 3 |  4- 6 || total
-------------------------+-------+-------++-------
Melee: Staff             |    12 |       ||    12
       Dagger            |    10 |    21 ||    31
 Cast: Magic Dart        |   121 |    60 ||   181
       Call Imp          |       |     7 ||     7
       Conjure Flame     |       |     5 ||     5
Armor: Robe              |     7 |       ||     7
       Leather armour    |    12 |     3 ||    15
Dodge: Dodged            |    21 |    18 ||    39

Table legend: (Time is in decaauts)
 A = Elapsed time spent in this place.
 B = Non-inter-level travel time spent in this place.
 C = Inter-level travel time spent in this place.
 D = Time resting spent in this place.
 E = Time spent auto-exploring this place.
 F = Levels seen in this place.
 G = Mean time per level.
                   A        B        C        D        E       F      G
               +--------+--------+--------+--------+--------+-----+--------+
         Total |   3940 |   3847 |     93 |    322 |   2936 |   4 |  985.0 |
       Dungeon |   3940 |   3847 |     93 |    322 |   2936 |   4 |  985.0 |
               +--------+--------+--------+--------+--------+-----+--------+

Top non-repeatable levels by time:
     D:3: 1417 daAuts
     D:2: 1377 daAuts
     D:1: 1110 daAuts
     D:4: 34 daAuts
